 Dungeon Crawl Stone Soup version 0.19-a0-1870-gc32fe5a (webtiles) character file.

17430 Psiweapon the Cleaver (level 12, -1/86 HPs)
             Began as a Hill Orc Fighter on Oct 12, 2016.
             Was an Elder of Makhleb.
             Killed from afar by a lindwurm (5 damage)
             ... with a blast of flame
             ... on level 3 of the Lair of Beasts.
             The game lasted 00:59:07 (13065 turns).

Psiweapon the Cleaver (Hill Orc Fighter)           Turns: 13065, Time: 00:59:08

Health: -1/86      AC: 20    Str: 25    XL:     12   Next: 47%
Magic:  20/20      EV: 10    Int:  8    God:    Makhleb [****..]
Gold:   677        SH: 23    Dex:  9    Spells: 0 memorised, 11 levels left

rFire  . . .     SeeInvis .     a - +3 war axe (chaos)
rCold  . . .     Gourm    .     Q - +3 ring mail
rNeg   . . .     Faith    .     w - +1 large shield
rPois  +         Spirit   .     j - +2 helmet
rElec  .         Dismiss  .     F - +0 cloak
rCorr  .         Reflect  +     n - +0 pair of gloves
MR     .....     Harm     .     i - +0 pair of boots
Stlth  +.........               m - +4 amulet of reflection
                                y - ring of poison resistance
                                c - ring of stealth

@: no status effects
A: claws 1, yellow scales 1, clumsy 1, frail 1, slow regeneration 1, strong 1,
sturdy frame 2
a: Minor Destruction, Lesser Servant of Makhleb, Major Destruction, Renounce
Religion


You were on level 3 of the Lair of Beasts.
You worshipped Makhleb.
Makhleb was greatly pleased with you.
You were not hungry.

You visited 3 branches of the dungeon, and saw 17 of its levels.
You also visited: Ossuary and Volcano.

You collected 677 gold pieces.

Inventory:

Hand Weapons
 a - a +3 war axe of chaos (weapon)
 J - a +0 eveningstar of crushing
 K - the +9 staff of Olgreb {rPois}
   (You found it on level 6 of the Dungeon)

   It protects you from poison.
Missiles
 l - 81 sling bullets
 R - 7 javelins
 T - 2 throwing nets (quivered)
Armour
 i - a +0 pair of boots (worn)
 j - a +2 helmet (worn)
 n - a +0 pair of gloves (worn)
 w - a +1 large shield (worn)
 F - a +0 cloak (worn)
 Q - a +3 ring mail (worn)
Jewellery
 c - a ring of stealth (left hand)
 m - a +4 amulet of reflection (around neck)
 p - a cursed ring of flight
 y - a ring of poison resistance (right hand)
 Y - an uncursed amulet of rage {unknown}
Wands
 b - a wand of flame (9/48)
 r - a wand of slowing (24/48)
 C - a wand of random effects (13/48)
 H - a wand of enslavement (10/24)
 I - a wand of polymorph (9/24)
 M - a wand of iceblast (6/15)
 V - a wand of disintegration (11/24)
Scrolls
 h - a scroll of magic mapping
 o - 9 scrolls of remove curse
 q - a scroll of identify
 t - 3 scrolls of teleportation
 x - 2 scrolls of recharging
 S - a scroll of fear {unknown}
Potions
 d - 2 potions of might
 e - a potion of agility
 k - 8 potions of curing
 s - 4 potions of haste
 u - 3 potions of brilliance {unknown}
 B - 2 potions of mutation {unknown}
 D - a potion of lignification {unknown}
 E - 3 potions of flight {unknown}
 O - 2 potions of degeneration {unknown}
Miscellaneous
 W - a disc of storms
Comestibles
 f - 5 bread rations
 A - 10 meat rations


   Skills:
 + Level 6.0 Fighting
 - Level 11.9 Axes
 + Level 3.1 Staves
 - Level 10.0 Armour
 - Level 5.0 Dodging
 - Level 10.0 Shields
 - Level 11.0 Invocations
 - Level 6.0 Evocations


You had 11 spell levels left.
You didn't know any spells.

Dungeon Overview and Level Annotations

Branches:
Dungeon (13/15)            Temple (1/1) D:4            Lair (3/6) D:8
    Orc (0/2) D:10
  Swamp: Lair:2-4    Shoals: Lair:2-4     Snake: Lair:2-4    Spider: Lair:2-4
 Vaults: D:13-14

Altars:
Ashenzari
Cheibriados
Dithmenos
Elyvilon
Fedhas
Gozag
Hepliaklqana
Kikubaaqudgha
Makhleb
Nemelex Xobeh
Okawaru
Qazlal
Ru
Sif Muna
Trog
Uskayaw
Vehumet
Xom
Yredelemnul
Zin
The Shining One

Shops:
D:8 }

Annotations:
D:12 exclusion: downstairs


Innate Abilities, Weirdness & Mutations

You have sharp fingernails.
You are partially covered in yellow scales. (AC +2)
You are clumsy. (Dex -2)
You are frail. (-10% HP)
You regenerate slowly when monsters are visible.
Your muscles are strong. (Str +2)
Your movements are less encumbered by armour. (ER -4)


Message History

* * * LOW HITPOINT WARNING * * *
There is a collapsed entrance here.
Press: ? - help, Shift-Dir - straight line, f - lindwurm
Aim: a lindwurm (catching its breath)
The iron shot hits the lindwurm.
The lindwurm is moderately wounded.
You can no longer summon a greater servant of Makhleb.
You feel better.
Press: ? - help, Shift-Dir - straight line, f/p - lindwurm
Aim: a lindwurm (moderately wounded)
The iron shot hits the lindwurm.
The lindwurm is severely wounded.
Press: ? - help, Shift-Dir - straight line, f/p - lindwurm
Aim: a lindwurm (heavily wounded)
The iron shot hits the lindwurm.
The lindwurm is almost dead.
You don't have enough health at the moment.
The lindwurm breathes flames at you. The blast of flame hits you!
You die...

,,,,**,,,,,,,,,**,,,,,**,,,,,*,,,
,,,,,,,,,,,*,,,**,,,,,,*,,,,***,,
,,,,,,,,,,,,,,,,,,,,,,*,,,,,* *,,
..........##...************###*##
....##....##..#* ########.###.
..........##..#######.##......#..
....##...#*#..##k........§≈§§§..#
....###..###..##≈≈≈...≈§≈≈..§§≈≈#
..[...........##@.≈≈≈≈§...§.§§..#
..............###......########..
..............######.### ########
....#.†..†#....#.#########.....##
..###.††........†.[..............
..##....≈.†......##.'####........
.......≈≈≈......P###.##.....##.##
.......≈≈≈.......#*#.P##....###.#
.......≈≈........#*..P###...#*,..


You could see a lindwurm.

Vanquished Creatures
  Urug (Lair:3)
  A hill giant (D:5)
  3 ugly things (D:11)
  A cyclops (D:11)
  A centaur zombie (D:11)
  An elephant (D:8)
  3 spiny frogs
  2 kobold demonologists (D:12)
  A komodo dragon (Lair:1)
  3 trolls
  3 blink frogs (Lair:3)
  2 hippogriffs
  A hornet (D:11)
  A wyvern (D:8)
  7 yaks
  2 hungry ghosts
  A steam dragon (D:12)
  Edmund (D:4)
  8 soldier ants (D:6)
  Duvessa (D:4)
  11 water moccasins
  2 porcupines
  2 sky beasts
  2 black bears
  2 orc warriors
  3 ice beasts
  6 necrophages (Lair:3)
  3 phantoms
  6 ogres
  4 crocodiles
  2 centaurs
  3 wolves (Lair:2)
  9 bullfrogs
  4 big kobolds
  A wyvern zombie (D:6)
  A scorpion (D:7)
  Dowan (D:4)
  The ghost of drd the Skirmisher, a weakling DsBe of Trog (D:3)
  15 killer bees
  7 wights
  2 howler monkeys (D:10)
  4 crimson imps
  A bullfrog zombie (D:9)
  3 centaur skeletons
  2 orc priests
  3 bullfrog skeletons
  5 hounds
  2 jellies (D:5)
  8 orc wizards
  9 worker ants
  Terence (D:2)
  A killer bee zombie (D:5)
  A hound zombie (D:8)
  A hound skeleton (D:4)
  3 mummies (Ossuary)
  2 worker ant zombies
  5 gnolls
  16 adders
  2 howler monkey skeletons
  A shadow imp (D:5)
  5 adder zombies (Ossuary)
  An adder skeleton (D:8)
  3 worms
  A leopard gecko (D:3)
  22 orcs
  6 giant cockroaches
  10 goblins
  3 hobgoblins
  14 jackals
  3 quokkas
  2 ball pythons
  10 bats
  5 frilled lizards
  3 goblin zombies (Ossuary)
  A hobgoblin zombie (Ossuary)
  14 kobolds
  5 kobold zombies (Ossuary)
  A quokka skeleton (D:5)
  3 quokka zombies (Ossuary)
  3 rats
  A rat zombie (Ossuary)
  2 fungi (Lair:3)
319 creatures vanquished.

Vanquished Creatures (collateral kills)
  2 gnolls (D:4)
2 creatures vanquished.

Vanquished Creatures (others)
  2 centaurs
  2 gnolls (D:4)
  2 kobolds (D:12)
6 creatures vanquished.

Grand Total: 327 creatures vanquished

Notes
Turn   | Place    | Note
-------+----------+-------------------------------------------
     0 | D:1      | Psiweapon the Hill Orc Fighter began the quest for the Orb.
     0 | D:1      | Reached XP level 1. HP: 19/19 MP: 1/1
   190 | D:2      | Reached XP level 2. HP: 26/26 MP: 2/2
   249 | D:3      | Noticed drd's ghost (weakling DsBe)
   265 | D:3      | Killed drd's ghost
   265 | D:3      | Reached skill level 5 in Axes
   265 | D:3      | Reached XP level 3. HP: 28/31 MP: 3/3
   265 | D:3      | Reached XP level 4. HP: 36/39 MP: 4/4
   459 | D:4      | Found a sand-covered staircase.
   465 | Ossuary  | Entered an ossuary
   484 | Ossuary  | Reached XP level 5. HP: 33/45 MP: 5/5
  1256 | D:4      | Noticed Edmund
  1276 | D:4      | Killed Edmund
  1276 | D:4      | Reached XP level 6. HP: 29/51 MP: 6/6
  1406 | D:5      | Entered Level 5 of the Dungeon
  2126 | D:2      | Noticed Terence
  2139 | D:2      | Killed Terence
  2628 | D:4      | Found a staircase to the Ecumenical Temple.
  2637 | Temple   | Entered the Ecumenical Temple
  2769 | Temple   | Became a worshipper of Makhleb the Destroyer
  3126 | D:5      | Noticed a hill giant
  3246 | D:4      | Reached XP level 7. HP: 49/57 MP: 7/7
  3347 | D:4      | Noticed Dowan
  3412 | D:5      | Killed a hill giant
  3412 | D:5      | Reached XP level 8. HP: 23/64 MP: 8/8
  3705 | D:5      | Reached skill level 1 in Invocations
  4331 | D:6      | Reached * piety under Makhleb
  4392 | D:7      | Reached skill level 5 in Shields
  4411 | D:7      | Reached skill level 5 in Invocations
  4483 | D:7      | Reached XP level 9. HP: 60/70 MP: 13/13
  4780 | D:6      | Found a runed door.
  5832 | D:6      | Found a runed gate.
  5833 | D:6      | Found a runed door.
  5848 | D:6      | Found a runed gate.
  5848 | D:6      | Found a runed gate.
  6178 | D:6      | Gained mutation: You are frail. (-10% HP) [mutagenic meat]
  6181 | D:6      | Gained mutation: You are very frail. (-20% HP) [mutagenic meat]
  6184 | D:6      | Gained mutation: You are clumsy. (Dex -2) [mutagenic meat]
  6187 | D:6      | Gained mutation: You are partially covered in yellow scales. (AC +2) [mutagenic meat]
  6190 | D:6      | Gained mutation: Your movements are slightly less encumbered by armour. (ER -2) [mutagenic meat]
  6193 | D:6      | Lost mutation: You are very frail. (-20% HP) [mutagenic meat]
  7512 | D:8      | Found a shimmering altar of Xom.
  7552 | D:8      | Found Akluasuwk's Gadget Emporium.
  7562 | D:8      | Reached XP level 10. HP: 60/69 MP: 15/17
  7572 | D:8      | Gained mutation: You regenerate slowly when monsters are visible. [mutagenic meat]
  7575 | D:8      | Lost mutation: You are frail. (-10% HP) [mutagenic meat]
  7578 | D:8      | Gained mutation: You have sharp fingernails. [mutagenic meat]
  7581 | D:8      | Gained mutation: Your muscles are strong. (Str +2) [mutagenic meat]
  7831 | D:8      | Reached ** piety under Makhleb
  8071 | D:4      | Noticed Duvessa
  8084 | D:4      | Killed Dowan
  8087 | D:4      | Killed Duvessa
  8218 | D:8      | Noticed an elephant
  8218 | D:8      | Found a staircase to the Lair.
  8222 | D:8      | Reached skill level 10 in Invocations
  8237 | D:8      | Killed an elephant
  8998 | D:9      | Reached skill level 10 in Shields
  9084 | D:9      | Reached skill level 1 in Evocations
  9088 | D:10     | Entered Level 10 of the Dungeon
  9402 | D:10     | Found a staircase to the Orcish Mines.
  9763 | D:9      | Reached *** piety under Makhleb
  9763 | D:9      | Reached skill level 5 in Armour
 10166 | D:11     | Noticed a red ugly thing
 10172 | D:11     | Noticed a brown ugly thing
 10180 | D:11     | Killed a red ugly thing
 10180 | D:11     | Reached XP level 11. HP: 82/82 MP: 19/19
 10184 | D:11     | Killed a brown ugly thing
 10197 | D:11     | Gained mutation: Your movements are less encumbered by armour. (ER -4) [mutagenic meat]
 10200 | D:11     | Gained mutation: You are frail. (-10% HP) [mutagenic meat]
 10204 | D:11     | Noticed a cyclops
 10211 | D:11     | Killed a cyclops
 10286 | D:12     | Reached skill level 5 in Evocations
 10614 | D:11     | Found a glowing silver altar of Zin.
 10809 | D:10     | Reached skill level 1 in Dodging
 11083 | D:11     | Noticed a brown ugly thing
 11093 | D:11     | Killed a brown ugly thing
 11682 | D:6      | Reached **** piety under Makhleb
 11713 | D:6      | Got a faintly glowing quarterstaff
 11829 | D:6      | Identified the +6 quarterstaff "Ninolifa" {antimagic, +Rage rPois Int+4 Stlth-} (You found it on level 6 of the Dungeon)
 11897 | Lair:1   | Entered Level 1 of the Lair of Beasts
 12050 | Lair:1   | Reached XP level 12. HP: 47/81 MP: 20/20
 12728 | Lair:1   | Reached skill level 10 in Armour
 12728 | Lair:1   | Reached skill level 5 in Dodging
 12832 | Lair:2   | Reached skill level 1 in Staves
 12900 | Lair:3   | Reached skill level 5 in Fighting
 12919 | Lair:3   | Noticed Urug
 12931 | Lair:3   | Reached ***** piety under Makhleb
 12941 | Lair:3   | Killed Urug
 12981 | Lair:3   | Upgraded the game from 0.19-a0-1861-g35def1e to 0.19-a0-1870-gc32fe5a
 12999 | Lair:3   | Found a dark tunnel.
 13008 | Volcano  | Entered a volcano
 13041 | Volcano  | Noticed Tekks's ghost (journeyman DEGl)
 13044 | Volcano  | Noticed vogonpoet's ghost (journeyman DgEE)
 13045 | Volcano  | Noticed a stone giant
 13065 | Lair:3   | Killed from afar by a lindwurm

Vault maps used:
D:1:      dpeg_arrival_solitude
D:2:      minmay_curled_crystal, uniq_terence
D:3:      solitary_fountain, minmay_quantized
D:4:      nicolae_ossuary_entry_plus, first_bread, uniq_edmund, uniq_duvessa
D:6:      minmay_guarded_unrand_staff_of_olgreb
D:8:      david_lair_generic, serial_shops, shop, blue_anna_alchemist,
          xom_teletrap_fun
D:10:     orc_0_dummy, minmay_door_square
D:11:     basic_altar
D:12:     minmay_hedge_maze
Temple:   kilobyte_greek_temple
Lair:1:   lemuel_fruit_tree
Lair:2:   serial_bayou_pond_e, grunt_megastairs_5, bh_autumn_forest_stairs
Lair:3:   dpeg_oklob_gauntlet, nicolae_volcano_entry_vermiform,
          roderic_carrion_pond, uniq_rupert, uniq_snorg, uniq_urug
Ossuary:  ossuary_minmay_chase
Volcano:  volcano_pools

Skill      XL: |  1  2  3  4  5  6  7  8  9 10 11 12 |
---------------+-------------------------------------+-----
Axes           | 3 5 6 8 9 11 | 11.9
Invocations    | 5 9 11 | 11.0
Shields        | 5 8 10 | 10.0
Evocations     | 3 6 |  6.0
Armour         | 5 9 10 | 10.0
Dodging        | 4 5 |  5.0
Fighting       | 6 |  6.0
Staves         | 3 |  3.1

Action                   |  1- 3 |  4- 6 |  7- 9 | 10-12 || total
-------------------------+-------+-------+-------+-------++-------
Melee: War axe           |    47 |   230 |   380 |   611 ||  1268
       Staff             |       |       |       |     4 ||     4
Invok: Minor Destruction |       |       |       |     4 ||     4
       Major Destruction |       |       |       |     7 ||     7
Evoke: Wand              |       |       |     2 |     2 ||     4
       Staff of Olgreb   |       |       |       |     2 ||     2
  Use: Scroll            |       |     4 |     2 |    19 ||    25
       Potion            |       |       |     1 |     5 ||     6
 Stab: Petrified         |       |       |       |    13 ||    13
       Paralysed         |       |       |       |     2 ||     2
       Sleeping          |       |       |       |     1 ||     1
  Eat: Chunk             |       |     7 |    19 |    27 ||    53
       Royal jelly       |       |       |     1 |       ||     1
       Fruit             |       |       |       |     3 ||     3
Armor: Scale mail        |    32 |    53 |    50 |       ||   135
       Ring mail         |       |       |    58 |   219 ||   277
Dodge: Dodged            |    23 |    55 |    36 |   124 ||   238
Block: Shield            |    27 |   133 |     2 |       ||   162
       Reflection        |       |     1 |    10 |    23 ||    34
       Large shield      |       |       |   356 |   712 ||  1068
